 Dungeon Crawl Stone Soup version 0.27-a0-1565-gad902ab807 (webtiles) character file.

Game seed: 2639565512649601465

8362 Anon1729 the Martial Artist (level 11, -1/88 HPs)
             Began as an Octopode Transmuter on July 16, 2021.
             Was an Initiate of Gozag.
             Slain by a vampire (8 damage)
             ... on level 10 of the Dungeon.
             The game lasted 00:20:13 (11020 turns).

Anon1729 the Martial Artist (Octopode Transmuter)  Turns: 11020, Time: 00:20:13

Health: -1/88      AC:  7    Str:  9    XL:     11   Next: 29%
Magic:  29/29      EV: 12    Int: 20    God:    Gozag
Gold:   146        SH:  0    Dex: 12    Spells: 12/22 levels left

rFire    . . .     SeeInvis +     - Unarmed
rCold    + + +     Faith    .   (shield currently unavailable)
rNeg     . . .     Spirit   .   (helmet currently unavailable)
rPois    +         Reflect  .   g - amulet of regeneration
rElec    +         Harm     .   f - ring of magical power
rCorr    +         Rampage  .   s - ring of poison resistance
Will     +....                  A - ring of willpower
Stlth    ++++......             G - ring of see invisible
HPRegen  1.24/turn              (no ring)
MPRegen  0.21/turn              (no ring)
                                (no ring)
                                (no ring)

@: mighty, ice-form, resistant, hasted, very quick
A: freezing attack, boosted hp, almost no armour, amphibious, 8 rings, large,
(camouflage 1), (gelatinous body 1), (nimble swimmer 1), (tentacles)
a: End Transformation, Renounce Religion, Potion Petition, Call Merchant, Bribe
Branch


You were on level 10 of the Dungeon.
You worshipped Gozag.
Gozag was aware of your devotion.
You were a creature of crystalline ice.
You visited 1 branch of the dungeon, and saw 10 of its levels.

You collected 1535 gold pieces.
You paid 1389 gold pieces to Gozag.

Inventory:

Missiles
 F - 6 curare-tipped darts
Jewellery
 f - a ring of magical power (left front paw)
 g - an amulet of regeneration (around neck)
 s - a ring of poison resistance (right front paw)
 A - a ring of willpower (on tentacle)
 G - a ring of see invisible (on tentacle)
Wands
 l - a wand of iceblast (16)
 z - a wand of paralysis (5)
 B - a wand of mindburst (7)
Scrolls
 b - 2 scrolls of enchant weapon
 h - 4 scrolls of amnesia
 i - 2 scrolls of blinking
 j - a scroll of fog
 k - a scroll of silence
 p - 2 scrolls of fear
 q - 2 scrolls of vulnerability {unknown}
 r - 2 scrolls of immolation {unknown}
 t - 2 scrolls of summoning {unknown}
 w - a scroll of brand weapon {unknown}
 y - a scroll of acquirement {unknown}
 C - 2 scrolls of noise {unknown}
 D - 5 scrolls of identify
 E - a scroll of magic mapping {unknown}
Potions
 a - 3 potions of attraction
 c - 2 potions of cancellation {unknown}
 d - 3 potions of flight
 e - 3 potions of invisibility {unknown}
 m - 4 potions of haste {unknown}
 o - 4 potions of curing
 u - 6 potions of magic {unknown}
 v - 3 potions of heal wounds {unknown}
 x - 2 potions of brilliance {unknown}
 H - a potion of lignification {unknown}
Miscellaneous
 I - a phantom mirror


   Skills:
 + Level 6.4 Fighting
 + Level 6.7 Dodging
 + Level 9.1 Stealth
 * Level 9.7 Unarmed Combat
 + Level 6.1 Spellcasting
 + Level 2.3 Summonings
 + Level 6.7 Transmutations
 - Level 1.0 Poison Magic


You had 12 spell levels left.
You knew the following spells:

 Your Spells              Type           Power      Damage    Failure   Level
a - Beastly Appendage     Tmut           64%        N/A       1%          1
b - Wereblood             Tmut           32%        N/A       1%          2
c - Spider Form           Tmut/Pois      10%        N/A       6%          3
d - Ice Form              Ice/Tmut       19%        N/A       26%         4

Your spell library contained the following spells:

 Spells                   Type           Power      Damage    Failure   Level
 Summon Forest            Summ/Tloc      5%         N/A       87%         5
 Summon Mana Viper        Hex/Summ       10%        N/A       87%         5
 Shadow Creatures         Summ           N/A        N/A       99%         6


Dungeon Overview and Level Annotations

Branches:
Dungeon (10/15)            Temple (0/1) D:6            Lair (0/6) D:9
    Orc: D:9-12

Altars:
Fedhas
Gozag
Qazlal
Sif Muna
Wu Jian

Annotations:
D:5 2 runed translucent doors


Innate Abilities, Weirdness & Mutations

You are a creature of crystalline ice.
You have a powerful freezing melee attack.
Your maximum health is increased.
Your armour is entirely melded.
You are incapable of wielding weapons or throwing items.
You cannot wear most types of armour.
You are amphibious.
You can wear up to eight rings at the same time.
((Your skin changes colour to match your surroundings (Stealth+).))
((Your rubbery body absorbs attacks. (AC +1, EV +1)))
((You are camouflaged near water. (Stealth+)))
((You have tentacles for arms and can constrict up to eight enemies at once.))


Message History

The vampire's mind is blasted!
The vampire draws life force from you!!
* * * LOW HITPOINT WARNING * * *
The vampire is healed by the life force! [a] - 350 gold - resistance and might [b] - 325 gold - heal wounds and magic [c] - 348 gold - brilliance and magic Purchase which effect?
You no longer have enough gold to fund merchants seeking to open stores in the dungeon.
You feel much better. Magic courses through your body. The vampire hits you!
The vampire bites you.
The vampire draws strength from your injuries!
You barely miss the vampire.
The vampire is heavily damaged.
The vampire closely misses you. The vampire barely misses you.
Aiming: Mindburst
Press: ? - help, Shift-Dir - straight line, f/p - vampire
Aim: a vampire (heavily damaged, chance to affect: 48%)
The vampire resists with some effort.
The vampire hits you but does no damage.
The vampire bites you!
* * * LOW HITPOINT WARNING * * *
The vampire draws strength from your injuries!
Aiming: Mindburst
Press: ? - help, Shift-Dir - straight line, f/p - vampire
Aim: a vampire (moderately damaged, chance to affect: 48%)
The vampire's mind is blasted!
The vampire hits you!
* * * LOW HITPOINT WARNING * * *
The vampire bites you.
* * * LOW HITPOINT WARNING * * *
The vampire draws strength from your injuries!
Okay, then. [a] - 648 gold - resistance, might and haste [b] - 319 gold - curing and magic [c] - 297 gold - curing and magic Purchase which effect?
You no longer have enough gold to petition Gozag for potion effects.
You feel protected.
You feel very mighty all of a sudden.
You feel yourself speed up. The vampire hits you!
You die...
Your body crumbles into a pile of gold.

######## ##.##.#.#####
......###........##.##
PPP....#............# P
≈≈≈............##.## P≈
≈≈PP...........### ♣ P♣
♣≈≈P≈...........## .♣ ≈♣♣
♣PPPP....#.......###.♣ ≈P♣
♣≈≈≈P.....#..........♣
≈≈♣♣♣≈.≈#.#.....Y.....♣♣♣♣ ≈≈
≈≈♣≈≈≈≈.##[...#.V.....♣≈♣P≈..
.≈≈≈≈P≈.###.............≈≈≈≈≈
..PPPP#.#..#.#........♣P♣P♣≈≈
######................♣♣♣ #
##.................♣
#####...............>....
..........................
#####.#.................##♣


You could see a vampire.

Vanquished Creatures
  A boulder beetle (D:10)
  3 two-headed ogres
  Pikel (D:6)
  A cyclops (D:10)
  A gargoyle (D:10)
  An unseen horror (D:10)
  A hornet (D:8)
  5 slime creatures
  Edmund (D:5)
  A water moccasin (D:7)
  Duvessa (D:6)
  A black bear (D:6)
  An orc warrior (D:9)
  2 sky beasts (D:5)
  2 ogres
  2 centaurs
  3 lemures (D:6)
  4 bullfrogs
  A wyvern zombie (D:5)
  Dowan (D:6)
  2 scorpions
  5 killer bees (D:7)
  A water moccasin skeleton (D:4)
  10 wights
  An electric eel (D:10)
  2 howler monkeys
  A centaur zombie (D:6)
  A jelly (D:4)
  An orc priest (D:8)
  A gnoll shaman (D:3)
  3 hounds
  A bullfrog skeleton (D:6)
  Ijyb (D:3)
  3 iguanas
  4 orc wizards
  A killer bee zombie (D:7)
  2 hound zombies (D:5)
  9 adders
  16 gnolls
  3 shadow imps
  A worm (D:2)
  2 dart slugs
  9 orcs
  11 ball pythons
  8 endoplasms
  6 giant cockroaches
  2 goblins (D:2)
  6 hobgoblins
  5 jackals
  8 kobolds
  2 quokkas
  4 bats
  6 frilled lizards
  7 rats
179 creatures vanquished.

Vanquished Creatures (others)
  A phantom (D:6)
  An orc wizard (D:6)
  5 fungi (D:7)
  10 plants
17 creatures vanquished.

Grand Total: 196 creatures vanquished

Notes
Turn   | Place    | Note
-------+----------+-------------------------------------------
     0 | D:1      | Anon1729 the Octopode Transmuter began the quest for the
                  | Orb.
     0 | D:1      | Reached XP level 1. HP: 13/13 MP: 3/3
   718 | D:1      | Reached XP level 2. HP: 18/18 MP: 5/5
   945 | D:1      | Reached skill level 1 in Stealth
  1319 | D:1      | Reached XP level 3. HP: 21/23 MP: 4/6
  1366 | D:1      | Learned a level 2 spell: Wereblood
  1370 | D:1      | Learned a level 3 spell: Spider Form
  2330 | D:2      | Found a faded altar of an unknown god.
  2529 | D:2      | Became a worshipper of Gozag Ym Sagoz the Greedy
  2840 | D:2      | Reached XP level 4. HP: 28/28 MP: 5/7
  2843 | D:2      | Reached skill level 1 in Poison Magic
  3533 | D:3      | Noticed Ijyb
  3549 | D:3      | Killed Ijyb
  3550 | D:3      | Reached XP level 5. HP: 34/34 MP: 4/8
  4430 | D:4      | Reached XP level 6. HP: 28/39 MP: 4/10
  5448 | D:4      | Found an ornate altar of the Wu Jian Council.
  5629 | D:5      | Entered Level 5 of the Dungeon
  5657 | D:5      | Reached XP level 7. HP: 38/45 MP: 11/11
  5754 | D:5      | Reached skill level 5 in Unarmed Combat
  6051 | D:5      | Noticed Edmund
  6167 | D:5      | Found a runed translucent door.
  6168 | D:5      | Found a runed translucent door.
  6406 | D:5      | Learned a level 4 spell: Ice Form
  6428 | D:5      | Killed Edmund
  6429 | D:5      | Reached XP level 8. HP: 39/52 MP: 10/13
  6831 | D:5      | Reached skill level 5 in Stealth
  6971 | D:6      | Found a staircase to the Ecumenical Temple.
  7118 | D:6      | Noticed Pikel
  7130 | D:6      | Killed Pikel
  7131 | D:6      | Reached XP level 9. HP: 44/58 MP: 13/15
  7446 | D:6      | Noticed Dowan
  7448 | D:6      | Noticed Duvessa
  7476 | D:6      | Killed Duvessa
  7489 | D:6      | Killed Dowan
  7675 | D:7      | Found a blossoming altar of Fedhas.
  8013 | D:7      | Reached skill level 5 in Transmutations
  8064 | D:7      | Reached skill level 5 in Dodging
  8766 | D:8      | Noticed a two-headed ogre
  8790 | D:8      | Killed a two-headed ogre
  8791 | D:8      | Reached skill level 5 in Fighting
  8791 | D:8      | Reached skill level 5 in Spellcasting
  8791 | D:8      | Reached XP level 10. HP: 50/66 MP: 17/17
  9096 | D:8      | Found a stormy altar of Qazlal.
  9734 | D:9      | Noticed a two-headed ogre
  9765 | D:9      | Killed a two-headed ogre
  9789 | D:9      | Found a staircase to the Lair.
 10259 | D:9      | Reached skill level 1 in Summonings
 10431 | D:9      | Found a shimmering blue altar of Sif Muna.
 10517 | D:10     | Entered Level 10 of the Dungeon
 10565 | D:10     | Noticed a two-headed ogre
 10590 | D:10     | Killed a two-headed ogre
 10591 | D:10     | Reached XP level 11. HP: 32/72 MP: 19/19
 10781 | D:10     | Noticed a cyclops
 10782 | D:10     | Noticed a boulder beetle
 10799 | D:10     | Killed a cyclops
 10947 | D:10     | Killed a boulder beetle
 11020 | D:10     | Slain by a vampire

Illustrated notes

Levels and vault maps discovered:
D:1:      minmay_arrival_four_circles, layout_loops_corners,
          chequers_serial_rivers_micro_b
D:2:      minmay_razor_zed, layout_basic, ebering_ecumenical_altar_sacrificial
D:3:      minmay_spotlight, layout_loops_corners, minmay_strange_pillars,
          minivault_26, uniq_ijyb
D:4:      layout_basic, pdpol_wu_jian_five_deadly_venoms
D:5:      lemuel_insect_pit, layout_loops_ring, uniq_edmund
D:6:      layout_basic, minmay_temple_entry_mist, due_unseen_surprise,
          uniq_duvessa, uniq_pikel
D:7:      layout_cave_pools, fedhas_altar_3, serial_co_window_serial,
          co_window_corner_a, co_window_of_opportunity_a, co_window_paths_a,
          co_window_paths_a, co_window_paths_b, co_window_of_opportunity_c,
          co_window_of_opportunity_c, co_window_paths_c, co_window_broadway_b,
          co_window_4corner_a, co_window_paths_d, glass_columns_a,
          glass_columns_a, kennysheep_generic_room_13
D:8:      layout_loops_ring, overflow_temple_1_default,
          kennysheep_generic_room_14
D:9:      layout_roguey, led_sif_pool, dpeg_oklobed_lair
D:10:     minmay_bloctagon_deflated, layout_cross, serial_bayou,
          serial_bayou_pond_c, serial_bayou_crossing, serial_bayou_pond_a,
          serial_bayou_pond_a, blue_anna_alchemist

Skill      XL: |  1  2  3  4  5  6  7  8  9 10 11 |
---------------+----------------------------------+-----
Stealth        | 1 2 3 4 5 7 8 9 |  9.1
Poison Magic   | 1 |  1.0
Unarmed Combat | 4 5 6 8 9 |  9.7
Fighting       | 2 3 4 5 6 |  6.4
Transmutations | 3 4 5 6 |  6.7
Dodging        | 3 4 5 6 |  6.7
Spellcasting   | 3 4 5 6 |  6.1
Summonings     | 1 2 |  2.3

Action                   |  1- 3 |  4- 6 |  7- 9 | 10-12 || total
-------------------------+-------+-------+-------+-------++-------
Melee: Unarmed           |    80 |   152 |   239 |   181 ||   652
       Constrict         |    20 |    38 |     7 |     5 ||    70
       Kick              |    16 |    26 |    10 |     1 ||    53
       Tentacles         |     9 |    22 |     7 |     3 ||    41
       Punch             |     3 |     4 |       |     1 ||     8
 Cast: Beastly Appendage |    22 |    18 |     7 |     4 ||    51
       Spider Form       |       |     6 |    23 |    10 ||    39
       Wereblood         |       |     2 |       |     2 ||     4
       Ice Form          |       |       |     4 |     9 ||    13
Invok: Potion Petition   |       |       |     1 |     2 ||     3
 Abil: End Transformatio |       |       |     1 |       ||     1
Evoke: Wand              |       |       |     4 |    10 ||    14
  Use: Scroll            |       |       |    10 |     2 ||    12
       Potion            |       |       |       |     1 ||     1
 Stab: Sleeping          |    15 |     9 |     4 |     4 ||    32
       Distracted        |       |     3 |       |     2 ||     5
Armor: Skin              |     9 |     7 |    19 |    20 ||    55
Dodge: Dodged            |    38 |    98 |   167 |   134 ||   437

Table legend: (Time is in decaauts)
 A = Elapsed time spent in this place.
 B = Non-inter-level travel time spent in this place.
 C = Inter-level travel time spent in this place.
 D = Time resting spent in this place.
 E = Time spent auto-exploring this place.
 F = Levels seen in this place.
 G = Mean time per level.
                   A        B        C        D        E       F      G
               +--------+--------+--------+--------+--------+-----+--------+
         Total |  10945 |  10671 |    274 |    730 |   7925 |  10 | 1094.5 |
       Dungeon |  10945 |  10671 |    274 |    730 |   7925 |  10 | 1094.5 |
               +--------+--------+--------+--------+--------+-----+--------+

Top non-repeatable levels by time:
     D:1: 1912 daAuts
     D:2: 1452 daAuts
     D:4: 1242 daAuts
     D:6: 1090 daAuts
     D:7: 1080 daAuts
     D:3: 1005 daAuts
     D:9: 942 daAuts
     D:5: 901 daAuts
     D:8: 867 daAuts
    D:10: 449 daAuts
